 Dungeon Crawl Stone Soup version 0.24-a0-170-gd8427f5 (webtiles) character file.

Game seed: 17099528211519461166

73993 Skuilla the Fighter (level 15, 0/139 HPs)
             Began as a Minotaur Berserker on Mar 7, 2019.
             Was the Champion of Trog.
             Slain by a wolf spider (1 damage)
             ... on level 1 of the Spider Nest on Mar 9, 2019.
             The game lasted 02:07:21 (26412 turns).

Skuilla the Fighter (Minotaur Berserker)           Turns: 26412, Time: 02:07:21

Health: 0/139      AC: 21    Str: 25    XL:     15   Next: 5%
Magic:  14/14      EV: 17    Int:  7    God:    Trog [******]
Gold:   1027       SH:  0    Dex: 24    Spells: 14/14 levels left

rFire    . . .     SeeInvis .   H - +2 mace of a treasure trove {freeze, *Noise *Drain Dex+9 Stlth+}
rCold    + + .     Gourm    .   C - +2 shield of Resistance {rF+ rC+ MR+}
rNeg     . . .     Faith    .   X - +0 plate armour
rPois    +         Spirit   .   (helmet restricted)
rElec    .         Reflect  +   (no cloak)
rCorr    .         Harm     .   T - +2 pair of gloves {archery}
MR       ++...                  e - +0 pair of boots
Stlth    ..........             V - +6 amulet of reflection
HPRegen  0.33/turn              x - ring of Finality {rPois Str+2 Int+3}
MPRegen  0.14/turn              R - ring of ice

@: confused, lethally poisoned (0 -> -9), slowed, lightly drained, very slow
A: retaliatory headbutt, horns 2, deterioration 1
a: Berserk, Trog's Hand, Brothers in Arms, Renounce Religion


You were on level 1 of the Spider Nest.
You worshipped Trog.
Trog was exalted by your worship.
You were very full.

You visited 4 branches of the dungeon, and saw 21 of its levels.
You also visited: Ice Cave.

You collected 2461 gold pieces.
You spent 1434 gold pieces at shops.

Inventory:

Hand Weapons
 b - a cursed +7 flail
 d - a +3 flail of protection
 q - a +4 antimagic demon whip
 H - the +2 mace of a treasure trove (weapon) {freeze, *Noise *Drain Dex+9 Stlth+}
   (You found it on level 5 of the Dungeon)

   It has been specially enchanted to freeze those struck by it, causing extra
   injury to most foes and up to half again as much damage against particularly
   susceptible opponents.
   It can also slow down cold-blooded creatures.
   It affects your dexterity (+9).
   It may make noises in combat.
   It causes draining when unequipped.
   It makes you more stealthy.
 Q - the +8 whip "Snakebite" {curare, rPois}
   (You found it on level 3 of the Lair of Beasts)

   It poisons the flesh of those it strikes.
   It protects you from poison.
Missiles
 W - 6 curare-tipped needles
Armour
 e - a +0 pair of boots (worn)
 C - the +2 shield of Resistance (worn) {rF+ rC+ MR+}
   (You found it on level 4 of the Dungeon)

   It protects you from fire.
   It protects you from cold.
   It affects your resistance to hostile enchantments.
 O - a +2 large shield
 S - a +0 large shield
 T - a +2 pair of gloves of archery (worn)
 X - a +0 plate armour (worn)
Jewellery
 f - an uncursed ring of fire
 l - an uncursed amulet of regeneration
 s - a +3 ring of evasion {unknown}
 x - the ring of Finality (left hand) {rPois Str+2 Int+3}
   (You found it on level 2 of the Lair of Beasts)

   [ring of poison resistance]

   It affects your strength (+2).
   It affects your intelligence (+3).
   It protects you from poison.
 z - an uncursed ring of see invisible
 G - an uncursed amulet of the gourmand
 R - a ring of ice (right hand)
 U - an uncursed ring of ice
 V - a +6 amulet of reflection (around neck)
Wands
 y - a wand of digging (6)
 B - a wand of polymorph (10)
 E - a wand of iceblast (17)
 M - a wand of acid (7)
Scrolls
 a - a scroll of summoning {unknown}
 g - 5 scrolls of enchant weapon
 i - 10 scrolls of identify
 m - a scroll of vulnerability {unknown}
 r - 2 scrolls of blinking {unknown}
 t - 9 scrolls of teleportation
 u - 3 scrolls of magic mapping
 A - a scroll of enchant armour {unknown}
 F - a scroll of fog {unknown}
 I - 2 scrolls of torment {unknown}
 K - 2 scrolls of holy word {unknown}
 P - a scroll of silence {unknown}
 Y - 3 scrolls of immolation
 Z - 5 scrolls of remove curse
Potions
 h - 5 potions of agility
 j - a potion of lignification
 k - a potion of invisibility
 n - a potion of mutation {unknown}
 o - 3 potions of might
 p - a potion of cancellation {unknown}
 v - a potion of haste {unknown}
 w - 3 potions of flight
 D - 10 potions of curing
 J - a potion of berserk rage {unknown}
 L - 9 potions of heal wounds
 N - a potion of magic {unknown}
Comestibles
 c - 46 rations


   Skills:
 + Level 14.5(14.1) Fighting
 - Level 14.0(13.5) Maces & Flails
 + Level 14.4(14.0) Armour
 + Level 13.4(12.9) Dodging
 + Level 14.0(13.6) Shields


You had 14 spell levels left.
You didn't know any spells.
Your spell library was empty.

Dungeon Overview and Level Annotations

Branches:
Dungeon (12/15)            Temple (0/1) D:6            Lair (6/6) D:8
 Shoals (0/4) Lair:3       Spider (1/4) Lair:3        Slime (0/5) Lair:6
    Orc (2/2) D:10            Elf (0/3) Orc:2

Altars:
Dithmenos
Elyvilon
Fedhas
Gozag
Hepliaklqana
Kikubaaqudgha
Makhleb
Uskayaw
Xom
Jiyva

Shops:
D:9 [   Orc:2 *=!:

Annotations:
D:10 exclusions: oklob plant and oklob sapling
Lair:3 exclusion: 2 oklob plants


Innate Abilities, Weirdness & Mutations

You reflexively headbutt those who attack you in melee.
You have a pair of horns on your head.
Your body sometimes deteriorates upon taking damage.


Message History

The tarantella bites you but does no damage.
The wolf spider barely misses you. The wolf spider bites you.
* * * LOW HITPOINT WARNING * * *
The tarantella misses you. x2; The wolf spider hits you!
* * * LOW HITPOINT WARNING * * *
The wolf spider misses you. x2; The wolf spider completely misses you.
The wolf spider barely misses you. The wolf spider closely misses you.
The tarantella barely misses you. The tarantella bites you.
* * * LOW HITPOINT WARNING * * *
You are more confused.
The wolf spider misses you. The wolf spider bites you!
* * * LOW HITPOINT WARNING * * *
The tarantella closely misses you.
You miss the wolf spider. Your headbutt misses the wolf spider.
The wolf spider is lightly wounded.
* * * LOW HITPOINT WARNING * * *
You feel sick.
The tarantella bites you but does no damage.
The jumping spider leaps!
The wolf spider hits you.
You die...

...#........##
.............
............##
.......s.....##
...^..s.......#
○...s..s..s...#
......sss.....#.
......s@sws.....
.}...ssss.=.....
.......s........
................
................
....s......^$...
................
................
.............>..


You could see a torpor snail, 4 wolf spiders, 4 orb spiders, 3 jumping spiders
and 6 tarantellas.

Vanquished Creatures
  Rupert (Lair:6)
  A dire elephant (Lair:6)
  2 entropy weavers
  The ghost of Orphidia the Geomancer, a journeyman OpEE of Sif Muna (Lair:3)
  Josephine (Orc:2)
  7 hydras
  Harold (D:9)
  An ice dragon (Orc:1)
  The ghost of Etrudan the Eclecticist, a journeyman DEFE of Vehumet (Lair:5)
  A catoblepas (Lair:6)
  2 two-headed ogres
  3 death yaks (Lair:6)
  A dancing weapon (Lair:5)
  A queen ant (Lair:4)
  5 orc high priests (Orc:2)
  Nergalle (D:10)
  2 unseen horrors (D:11)
  Pikel (D:6)
  A necromancer (IceCv)
  7 orc knights
  An ugly thing (D:9)
  An orc sorcerer (Orc:1)
  2 cyclopes (D:12)
  3 manticores
  7 elephants (Lair:6)
  11 black mambas
  Joseph (D:9)
  An ice statue (IceCv)
  10 spiny frogs
  A kobold demonologist (D:11)
  2 rime drakes (Orc:1)
  2 komodo dragons
  10 freezing wraiths (IceCv)
  2 jumping spiders
  A queen bee (D:8)
  9 trolls
  A hornet (D:8)
  Grinder (D:4)
  18 blink frogs
  2 polar bears
  9 dream sheep (Lair:6)
  5 hippogriffs
  2 shadows
  2 wyverns
  5 wraiths
  Eustachio (D:5)
  Grum (D:11)
  13 yaks
  A basilisk (Lair:6)
  2 death yak simulacra (IceCv)
  A hungry ghost (D:9)
  5 porcupines
  8 soldier ants (Lair:4)
  20 water moccasins
  34 orc warriors
  7 ice beasts
  7 sky beasts
  2 necrophages
  A phantom (D:4)
  A black bear (D:7)
  8 ogres
  An alligator simulacrum (IceCv)
  A centaur (D:7)
  15 wolves
  13 crocodiles
  Blork the orc (D:6)
  5 big kobolds
  13 bullfrogs
  A wyvern zombie (D:7)
  A wyvern skeleton (D:11)
  2 scorpions
  19 killer bees
  4 wights (D:12)
  3 howler monkeys
  2 vampire bats (D:9)
  2 electric eels (Lair:2)
  3 crimson imps
  3 bullfrog zombies
  2 centaur zombies
  2 jellies
  3 centaur skeletons
  26 orc priests
  6 hounds
  4 bullfrog skeletons
  28 worker ants
  17 orc wizards
  2 spriggan simulacra (IceCv)
  5 troll simulacra (IceCv)
  A wolf simulacrum (IceCv)
  4 centaur simulacra (IceCv)
  A hound zombie (D:6)
  A hound skeleton (D:6)
  A worker ant zombie (D:6)
  30 adders
  3 gnolls (D:5)
  5 naga simulacra (IceCv)
  4 ogre simulacra (IceCv)
  3 shadow imps
  12 white imps (IceCv)
  3 oozes
  2 worms (D:3)
  6 leopard geckos
  83 orcs
  18 bats
  2 giant cockroaches
  6 hobgoblins
  15 jackals
  20 kobolds
  2 quokkas
  9 ball pythons
  9 frilled lizards
  8 goblins
  2 leopard gecko skeletons
  2 leopard gecko zombies
  7 rats
705 creatures vanquished.

Vanquished Creatures (others)
  An orc wizard (D:6)
  2 orcs
  2 giant cockroaches (D:6)
  12 fungi
  A plant (Lair:4)
18 creatures vanquished.

Grand Total: 723 creatures vanquished

Notes
Turn   | Place    | Note
-------+----------+-------------------------------------------
     0 | D:1      | Skuilla the Minotaur Berserker began the quest for the Orb.
     0 | D:1      | Reached XP level 1. HP: 19/19 MP: 0/0
   417 | D:1      | Reached XP level 2. HP: 13/27 MP: 1/1
  1228 | D:1      | Reached XP level 3. HP: 33/33 MP: 2/2
  1717 | D:2      | Found an ancient bone altar of Kikubaaqudgha.
  1844 | D:2      | Reached ** piety under Trog
  1844 | D:2      | Reached XP level 4. HP: 41/41 MP: 3/3
  2524 | D:3      | Reached skill level 1 in Shields
  3119 | D:4      | Reached XP level 5. HP: 47/47 MP: 4/4
  3183 | D:4      | Got a scorched leather armour
  3199 | D:4      | Found a hide-covered altar of Uskayaw.
  3223 | D:4      | Found a hazy altar of Hepliaklqana.
  3260 | D:4      | Noticed an ogre
  3269 | D:4      | Killed an ogre
  3269 | D:4      | Reached *** piety under Trog
  3337 | D:4      | Noticed Grinder
  3347 | D:4      | Killed Grinder
  3347 | D:4      | Reached skill level 5 in Fighting
  3347 | D:4      | Reached skill level 5 in Maces & Flails
  3347 | D:4      | Reached XP level 6. HP: 54/56 MP: 5/5
  3376 | D:4      | Found the +2 shield of Resistance {rF+ rC+ MR+}
  3398 | D:4      | Reached XP level 7. HP: 61/61 MP: 6/6
  3719 | D:4      | Reached skill level 5 in Armour
  3888 | D:5      | Entered Level 5 of the Dungeon
  3923 | D:5      | Noticed Eustachio
  3947 | D:5      | Killed Eustachio
  4087 | D:5      | Found a shadowy altar of Dithmenos.
  4194 | D:5      | Reached skill level 5 in Dodging
  4237 | D:5      | Reached XP level 8. HP: 70/70 MP: 7/7
  4306 | D:5      | Got a jewelled mace
  4307 | D:5      | Identified the +2 mace of a treasure trove {freeze, *Noise
                  | *Drain Dex+9 Stlth+} (You found it on level 5 of the
                  | Dungeon)
  4536 | D:5      | Found an opulent altar of Gozag.
  4759 | D:6      | Noticed Pikel
  4764 | D:6      | Killed Pikel
  4764 | D:6      | Reached skill level 5 in Shields
  4886 | D:6      | Reached **** piety under Trog
  4896 | D:6      | Noticed Blork the orc
  4906 | D:6      | Killed Blork the orc
  5159 | D:6      | Found a staircase to the Ecumenical Temple.
  5216 | D:6      | Reached XP level 9. HP: 79/79 MP: 8/8
  7129 | D:8      | Reached ***** piety under Trog
  7382 | D:8      | Found a staircase to the Lair.
  7644 | D:8      | Reached XP level 10. HP: 82/90 MP: 9/9
  8053 | D:9      | Noticed Harold
  8056 | D:9      | Upgraded the game from 0.24-a0-169-g71aafec to
                  | 0.24-a0-170-gd8427f5
  8074 | D:9      | Killed Harold
  8104 | D:9      | Found Nonoos's Antique Armour Boutique.
  8104 | D:9      | Noticed Joseph
  8115 | D:9      | Killed Joseph
  8133 | D:9      | Bought a pair of embroidered gloves for 232 gold pieces
  8285 | D:9      | Noticed a purple ugly thing
  8307 | D:9      | Killed a purple ugly thing
  8935 | D:10     | Entered Level 10 of the Dungeon
  8935 | D:10     | Noticed Nergalle
  9075 | D:10     | Killed Nergalle
  9184 | D:10     | Reached XP level 11. HP: 94/99 MP: 10/10
  9191 | D:10     | Noticed a two-headed ogre
  9195 | D:10     | Reached skill level 10 in Maces & Flails
  9202 | D:10     | Killed a two-headed ogre
  9202 | D:10     | Reached skill level 10 in Fighting
  9599 | D:10     | Received a gift from Trog
  9687 | D:10     | Found a staircase to the Orcish Mines.
  9752 | D:10     | Found a blossoming altar of Fedhas.
  9778 | D:10     | Noticed an oklob plant
  9916 | D:11     | Reached skill level 10 in Armour
 10126 | D:11     | Noticed an unseen horror
 10132 | D:11     | Killed an unseen horror
 10216 | D:11     | Noticed an unseen horror
 10227 | D:11     | Killed an unseen horror
 10717 | D:11     | Noticed Grum
 10742 | D:11     | Killed Grum
 11402 | Lair:1   | Entered Level 1 of the Lair of Beasts
 11455 | Lair:1   | Noticed a five-headed hydra
 11470 | Lair:1   | Killed a five-headed hydra
 11470 | Lair:1   | Reached skill level 10 in Shields
 11596 | Lair:1   | Got a crude trident
 11711 | Lair:1   | Noticed a four-headed hydra
 11732 | Lair:1   | Killed a four-headed hydra
 11732 | Lair:1   | Reached XP level 12. HP: 110/110 MP: 11/11
 11867 | Lair:1   | Reached skill level 10 in Dodging
 12109 | Lair:1   | Got a steaming spear
 12272 | Lair:1   | Identified the +5 trident of Qeupn {flame, Fragile rN+++
                  | Int+4 Dex+4} (You found it on level 1 of the Lair of
                  | Beasts)
 12273 | Lair:1   | Identified the cursed +3 spear of the Viper {pierce, MR-
                  | Int+5 SInv} (You found it on level 1 of the Lair of Beasts)
 13129 | Lair:2   | Received a gift from Trog
 13215 | Lair:2   | Got a clouded turquoise ring
 13922 | Lair:3   | Noticed a six-headed hydra
 13933 | Lair:3   | Killed a six-headed hydra
 14149 | Lair:3   | Noticed a five-headed hydra
 14161 | Lair:3   | Killed a five-headed hydra
 14307 | Lair:3   | Found a hole to the Spider Nest.
 14464 | Lair:3   | Found a staircase to the Shoals.
 14504 | Lair:3   | Found a runed translucent door.
 14505 | Lair:3   | Noticed Orphidia's ghost (journeyman OpEE)
 14505 | Lair:3   | Noticed an eight-headed hydra
 14517 | Lair:3   | Killed an eight-headed hydra
 14524 | Lair:3   | Killed Orphidia's ghost
 14536 | Lair:3   | Got a dazzling battleaxe
 14964 | Lair:3   | Found the +8 whip "Snakebite" {curare, rPois}
 15034 | Lair:3   | You fall through a shaft for 3 floors!
 15034 | Lair:6   | Entered Level 6 of the Lair of Beasts
 15164 | Lair:6   | Reached XP level 13. HP: 118/118 MP: 12/12
 15734 | Lair:6   | Found a viscous altar of Jiyva.
 15734 | Lair:6   | Found a staircase to the Slime Pits.
 15773 | Lair:6   | Noticed Rupert
 15799 | Lair:6   | Killed Rupert
 15915 | Lair:6   | Received a gift from Trog
 16013 | Lair:6   | Noticed a dire elephant
 16039 | Lair:6   | Killed a dire elephant
 17000 | Lair:6   | Got a distressingly furry ring mail
 17006 | Lair:6   | Identified the cursed +1 ring mail of Salvation {rCorr}
                  | (You found it on level 6 of the Lair of Beasts)
 17019 | Lair:6   | Identified the ring of Finality {rPois Str+2 Int+3} (You
                  | found it on level 2 of the Lair of Beasts)
 17666 | Lair:5   | Found a runed translucent door.
 17697 | Lair:5   | Found a shimmering altar of Xom.
 17698 | Lair:5   | Noticed Etrudan's ghost (journeyman DEFE)
 17717 | Lair:5   | Killed Etrudan's ghost
 18376 | Lair:4   | Noticed an entropy weaver
 18388 | Lair:4   | Killed an entropy weaver
 18393 | Lair:4   | Reached XP level 14. HP: 129/129 MP: 13/13
 18404 | Lair:4   | Noticed an entropy weaver
 18518 | Lair:5   | Killed an entropy weaver
 18908 | Lair:4   | You fall through a shaft for 2 floors!
 19199 | Lair:4   | Reached ****** piety under Trog
 19204 | Lair:4   | Received a gift from Trog
 19934 | Lair:3   | Found a burning altar of Makhleb.
 20702 | D:12     | Found a white marble altar of Elyvilon.
 21473 | Orc:1    | Entered Level 1 of the Orcish Mines
 21896 | Orc:1    | Received a gift from Trog
 21926 | Orc:1    | Found a frozen archway.
 21990 | IceCv    | Entered an ice cave
 22710 | IceCv    | Found an ancient bone altar of Kikubaaqudgha.
 22981 | IceCv    | Received a gift from Trog
 23363 | Orc:2    | Entered Level 2 of the Orcish Mines
 23719 | Orc:2    | Noticed Josephine
 23742 | Orc:2    | Killed Josephine
 23769 | Orc:2    | Received a gift from Trog
 24097 | Orc:2    | Found a staircase to the Elven Halls.
 24337 | Orc:2    | Gained mutation: Your body sometimes deteriorates upon
                  | taking damage. [a neqoxec]
 24771 | Orc:2    | Got an ivory mace {god gift}
 24772 | Orc:2    | Identified the +2 mace of the Butterfly {drain, rPois rF+}
                  | (Trog gifted it to you on level 2 of the Orcish Mines)
 25651 | Orc:2    | Reached XP level 15. HP: 112/139 MP: 14/14
 26070 | Orc:2    | Found Heschogism's Book Shoppe.
 26070 | Orc:2    | Found Keenaj's General Store.
 26071 | Orc:2    | Found Keotud's Distillery.
 26071 | Orc:2    | Found Yrritt's Jewellery Emporium.
 26081 | Orc:2    | Bought a potion of curing for 33 gold pieces
 26081 | Orc:2    | Bought a potion of curing for 33 gold pieces
 26081 | Orc:2    | Bought a potion of agility for 44 gold pieces
 26081 | Orc:2    | Bought a potion of curing for 33 gold pieces
 26081 | Orc:2    | Bought a potion of might for 44 gold pieces
 26085 | Orc:2    | Bought a +6 amulet of reflection for 760 gold pieces
 26089 | Orc:2    | Bought a ration for 85 gold pieces
 26089 | Orc:2    | Bought a ration for 85 gold pieces
 26089 | Orc:2    | Bought a ration for 85 gold pieces
 26398 | Spider:1 | Entered Level 1 of the Spider Nest
 26411 | Spider:1 | HP: 3/139 [wolf spider (7)]
 26412 | Spider:1 | HP: 1/139 [poisoned by a wolf spider]
 26412 | Spider:1 | Slain by a wolf spider

Levels and vault maps discovered:
D:1:      dpeg_cavernosity, layout_basic, chequers_arboretum, bh_walls_and_bars
D:2:      layout_rooms, kiku_gazebo_garden_becter
D:3:      minmay_recursive_quarters, layout_loops_ring, first_ration
D:4:      minmay_chambers_of_fours, layout_rooms, grunt_temple_overflow_open,
          uniq_grinder
D:5:      layout_loops_ring, nicolae_dithmenos_the_darkroom,
          nicolae_gozag_cash_rules_everything_around_me, uniq_eustachio
D:6:      layout_basic, minmay_temple_entry_proselytizer, uniq_pikel,
          uniq_blork_the_orc
D:7:      layout_layer_cave
D:8:      layout_rooms, dpeg_oklobed_lair, david_nohive_1
D:9:      layout_roguey, serial_shops, shop, roderic_batcave, minmay_between,
          uniq_harold, uniq_joseph
D:10:     layout_rooms, introduction_to_nature_1, uniq_nergalle
D:11:     layout_irregular_city, grunt_ministairs_2, uniq_grum
D:12:     layout_roguey, elyvilon_altar_5
Lair:1:   layout_gridlike
Lair:2:   layout_small_grid, serial_bayou_shore_a
Lair:3:   minmay_guarded_unrand_snakebite, layout_chaotic_city,
          elwin_shoals_entry_rocks, spider_nest_entry_rubble, basic_altar,
          ebering_ghost_inner_flame, minmay_lair_oklob_chamber,
          grunt_megastairs_1
Lair:4:   layout_cave_pods, minmay_another_anthill
Lair:5:   layout_long_grid, ebering_ghost_xom, st_stairs_12,
          chequers_serial_rivers_micro_d
Lair:6:   hangedman_lair_in_review, layout_regular_city,
          dpeg_slime_entry_enclosed_altar, serial_bayou_pond_d, uniq_rupert
Spider:1: layout_spider_delve
Orc:1:    layout_caves, portal_ice_cave_entry_animals_and_master
Orc:2:    st_orc_pillars, layout_diamond_mine, minmay_orc_barracks,
          uniq_josephine
IceCv:    ice_cave_small_necro

Skill      XL: |  1  2  3  4  5  6  7  8  9 10 11 12 13 14 |
---------------+-------------------------------------------+-----
Maces & Flails | 4 5 6 7 8 9 11 12 13 14 | 14.0
Fighting       | 4 5 6 7 8 9 11 12 13 14 | 14.5
Armour         | 3 4 5 6 8 9 10 12 13 14 | 14.4
Dodging        | 3 4 5 6 7 8 9 11 12 13 | 13.4
Shields        | 1 2 3 4 5 7 8 10 11 12 14 | 14.0

Action                   |  1- 3 |  4- 6 |  7- 9 | 10-12 | 13-15 || total
-------------------------+-------+-------+-------+-------+-------++-------
Melee: Mace              |    67 |   108 |   304 |   600 |  1317 ||  2396
       Headbutt          |     8 |    19 |    87 |   217 |   490 ||   821
Invok: Berserk           |     1 |     3 |     7 |    13 |    11 ||    35
       Trog's Hand       |       |     1 |     1 |     2 |     2 ||     6
  Use: Scroll            |       |     2 |     7 |     6 |     3 ||    18
 Stab: Sleeping          |       |       |     1 |       |       ||     1
       Petrified         |       |       |       |       |     2 ||     2
  Eat: Chunk             |     4 |     4 |    38 |    41 |    46 ||   133
       Ration            |       |     1 |       |       |       ||     1
Armor: Animal skin       |    16 |     8 |       |       |       ||    24
       Scale mail        |       |    34 |    29 |       |       ||    63
       Chain mail        |       |       |    42 |    92 |       ||   134
       Plate armour      |       |       |       |   145 |   346 ||   491
Dodge: Dodged            |    57 |    53 |    93 |   261 |   597 ||  1061
Block: Shield            |       |    47 |   213 |   516 |  1048 ||  1824

Table legend:
 A = Non-vault XP
 B = Vault XP
 C = Vault XP percentage of total XP
 D = Non-vault monster count
 E = Vault monster count
 F = Vault count percentage of total count
                 A         B        C        D         E       F
            +---------+---------+-------+---------+---------+-------
      Total |   48197 |   57508 |  54.4 |     402 |     304 |  43.1
            +---------+---------+-------+---------+---------+-------
        D:1 |      34 |       7 |  17.1 |      18 |       4 |  18.2
        D:2 |      61 |       0 |   0.0 |      17 |       0 |   0.0
        D:3 |      52 |      41 |  44.1 |      20 |      10 |  33.3
        D:4 |     396 |     418 |  51.4 |      17 |       5 |  22.7
        D:5 |     427 |     203 |  32.2 |      20 |       1 |   4.8
        D:6 |     818 |     758 |  48.1 |      25 |       3 |  10.7
        D:7 |     971 |       0 |   0.0 |      23 |       0 |   0.0
        D:8 |     713 |    1174 |  62.2 |      14 |      15 |  51.7
        D:9 |    1548 |    1804 |  53.8 |      18 |      14 |  43.8
       D:10 |    3361 |     855 |  20.3 |      23 |      14 |  37.8
       D:11 |    3851 |    1351 |  26.0 |      21 |      14 |  40.0
       D:12 |    4077 |       0 |   0.0 |      29 |       0 |   0.0
     Lair:1 |    4318 |       0 |   0.0 |      14 |       0 |   0.0
     Lair:2 |    2883 |       0 |   0.0 |      11 |       0 |   0.0
     Lair:3 |    4041 |    6199 |  60.5 |      13 |      22 |  62.9
     Lair:4 |    4980 |    3961 |  44.3 |      26 |      25 |  49.0
     Lair:5 |    4041 |    3473 |  46.2 |      21 |       7 |  25.0
     Lair:6 |    6434 |   14310 |  69.0 |      20 |      22 |  52.4
   Spider:1 |     313 |       0 |   0.0 |       1 |       0 |   0.0
      Orc:1 |    2958 |    3560 |  54.6 |      22 |      10 |  31.2
      Orc:2 |    1920 |   12918 |  87.1 |      29 |      84 |  74.3
      IceCv |       0 |    6476 | 100.0 |       0 |      54 | 100.0
            +---------+---------+-------+---------+---------+-------
